← All builds
Tech / Armada / Economy first / OBSERVED BUILD

Standard tech

Armada Tech (Eco) build order · Supreme Isthmus

Rushes T2 factory and Advanced Metal Extractor while sending the first T2 constructor to Geo, scaling team eco and mex upgrades through the full 15 minutes.

Usually first T2 con to Geo (85%)

#eco #t2 #team support · 915 distinct matches · 122 players · 60% of Armada Tech games · team won 53% of 1052 · Recently observed

HOW TO PLAY IT

Key timing: T2 factory by 4:15

  1. Open mex and wind, start bot lab right away.
  2. Get bot lab up and begin feeding early cons.
  3. Start advanced bot lab to rush T2 factory.
  4. Finish T2 factory and push advanced metal extractor by 5:29.
  5. Build Citadel, Platypus and Umbrella as anti-nuke defence transition.

Phase by phase

TYPICAL OF ITS 915 GAMES
  1. 1
  2. 2
  3. 3
  4. 4
PLAY THE OPENING

Follow the example game's first 6:00 step by step: what to build now, what comes next, and where it goes. At 1× it keeps pace with your own game.

  1. 1

    Up to the Bot Lab

    Economy
    • Metal Extractor3Mex
    • Wind Turbine4Wind
    Order
    1. Bot LabBot Lab after 3 mex, 4 winddone ~1:17, middle half 1:13–1:31

    By 1:01 in all: 3 mex · 4 wind

    The example game in this phase · 3 steps
    1. Mex ×3
    2. Wind ×4
    3. Bot LabBot Labdone 1:15 · typical 1:17
  2. 2

    Bot Lab to Advanced Bot Lab

    Economy
    • Metal Extractor1Mex
    • Wind Turbine8Wind
    • Energy Storage1Energy storage
    Order
    1. Advanced Bot LabAdvanced Bot Lab after 4 mex, 12 wind, 3 con turretdone ~4:15, middle half 4:04–4:28
    Builders
    • Construction Turret3 Con turret
    • Lazarus3 Lazarus
    • Construction Bot2 Con bot
    • Construction Bot1 Con bot for allies

    Some games also: converter (36%)

    By 3:19 in all: 4 mex · 12 wind · 1 energy storage · 3 con turret

    The example game in this phase · 11 steps
    1. LazarusLazarus ×3
    2. Construction BotCon bot ×2
    3. Construction BotCon botfor Air
    4. Energy storage
    5. LazarusLazarus
    6. Mex
    7. LazarusLazarus
    8. Con turret
    9. Bot LabEat Bot Labreclaimed for its metal
    10. Con turret
    11. Advanced Bot LabAdvanced Bot Labdone 3:51 · typical 4:15
  3. 3

    Advanced Bot Lab to 5:00

    Economy
    • Wind Turbine2Wind
    Order
    1. Bot LabEat Bot Lab
    Builders
    • Advanced Construction Bot1 T2 con bot for allies

    Some games also: converter (35%)

    By 5:00 in all: 4 mex · 15 wind · 2 converter · 1 energy storage · 3 con turret

    The example game in this phase · 4 steps
    1. Con turret
    2. FatboyFatboyfor Ponddone 4:23
    3. Advanced Construction BotT2 con botfor Geo
    4. Advanced Metal ExtractorT2 mexdone 5:32 · typical 5:29
  4. 4

    5:00 to 10:00

    Economy
    • Wind Turbine44Wind
    • Energy Converter6Converter
    Builders
    • Butler8 Butler
    • Advanced Construction Bot4 T2 con bot for allies
    • Advanced Construction Bot1 T2 con bot

    Some games also: con turret (50%) · Butler for allies (37%)

    By 10:00 in all: 4 mex · 59 wind · 8 converter · 1 energy storage · 3 con turret

    The example game in this phase · 79 steps
    1. Converter
    2. Advanced Construction BotT2 con botfor Air
    3. Advanced Metal ExtractorT2 mex ×2
    4. Advanced Construction BotT2 con bot ×2for Geo sea
    5. Advanced Construction BotT2 con bot
    6. Wind ×2
    7. Advanced Construction BotT2 con botfor Pond
    8. Wind ×6
    9. Advanced Metal ExtractorT2 mex
    10. Wind ×13
    11. ButlerButler
    12. Wind
    13. ButlerButler
    14. Wind
    15. ButlerButler
    16. Wind ×2
    17. ButlerButler
    18. Wind
    19. Fusion ReactorFusiondone 10:59
    20. Wind
    21. Con turret
    22. Wind
    23. Converter
    24. Con turret
    25. Converter
    26. Con turret
    27. Metal storage
    28. Converter
    29. Wind
    30. Converter
    31. Advanced Bot LabEat Advanced Bot Labreclaimed for its metal
    32. Converter ×4
    33. Wind
    34. Converter
    35. Wind
    36. Fusion ReactorFusion
    37. Wind
    38. Converter ×7
    39. Wind
    40. Converter ×7
    41. Fusion ReactorFusion
    42. Converter ×2
    43. Con turret
    44. Converter ×2
    45. Con turret
    46. Converter ×15
    47. Fusion ReactorFusion
    48. Converter ×5
    49. Con turret
    50. Converter ×3
    51. Con turret
    52. Converter ×2
    53. Con turret
    54. Converter ×2
    55. Con turret
    56. Converter ×2
    57. Con turret ×2
    58. Converter
    59. Con turret
    60. Converter ×6
    61. Con turret
    62. Converter
    63. Con turret ×2
    64. Advanced Fusion ReactorAdvanced Fusion Reactornot finished by 15:00
    65. Converter
    66. Con turret
    67. Converter ×3
    68. Con turret ×2
    69. Converter
    70. Con turret
    71. Converter
    72. Con turret
    73. Converter ×13
    74. Con turret
    75. Converter ×2
    76. Con turret ×4
    77. Converter ×2
    78. Con turret
    79. Converter ×2

Counts are medians over the build's games: half of them build more, half fewer. The example game is WashedGamuer's (40 OS, 10/10/2026); pick another.

Team trades

IN AT LEAST 30% OF ITS GAMES

You hand over

  • Construction Bot1 Con bot to Airfirst at 2:22 · in 87% of games
  • Advanced Construction Bot5 T2 con bot to Air or Geo sea or Pondfirst at 4:48 · in 99% of games
  • Sharpshooter2 Sniper bot to Pondfirst at 5:23 · in 32% of games
  • Butler2 Butler to Geo sea or Beach sea or Pondfirst at 9:05 · in 42% of games

You get

  • Hercules1 Light transport from Airfirst at 4:00 · in 85% of games

How it plays out

Typical game of this build, running totals by minute

Metal produced

020k40k
0:005:0010:0015:00

metal

Enemy metal destroyed

0100200300
0:005:0010:0015:00

metal

Own metal lost

0100200300
0:005:0010:0015:00

metal

1052 games.

Show as table
ByMetal produced: This buildEnemy metal destroyed: This buildOwn metal lost: This build
1:0038300
2:0091600
3:00164500
4:00316200
5:00486300
6:00580500
7:00724000
8:00911100
9:001125000
10:001359300
11:001645000
12:001999100
13:002375900
14:00276067381
15:0031694293204
WHAT THE NUMBERS SAY

This is the role's textbook T2 rush, posting the highest metal production of any build shown (31617 by 15:00) with almost no early losses.

  • + T2 factory done by 4:15 in 97% of games, extremely consistent.
  • + Own metal lost is only 228 by 15:00, near untouched economy.
  • − Team win rate is the lowest of all builds shown at 53%, fast eco alone doesn't decide games.
THE EXAMPLE YOU ARE READING

WashedGamuer

40.5 OS · 10/10/2026

Open source match ↗

2 received units
3973 metal received · 166209 energy received

Allied construction assistance is unknown. Timings are observations, not a promise of solo reproducibility.

Typical milestones

Bot Lab1:17Middle 50%: 1:13–1:31 · n=1052
Advanced Bot Lab4:15Middle 50%: 4:04–4:28 · n=1046
Advanced Metal Extractor5:29Middle 50%: 5:06–5:58 · n=1050

Played most by

Amrissa100games of this buildKOT_47games of this buildSyphos42games of this buildWashedGamuer41games of this buildAdeus39games of this build